 Dungeon Crawl Stone Soup version 0.32-a0-42-ga30500b4d3 (webtiles) character file.

Game seed: 10652356443293499994

126 cforsyth the Trooper (level 5, 0/41 HPs)
             Began as a Djinni Reaver on Jan 28, 2024.
             Slain by a black bear (4 damage)
             ... on level 3 of the Dungeon.
             The game lasted 00:03:08 (2420 turns).

cforsyth the Trooper (Djinni Reaver)                Turns: 2420, Time: 00:03:09

Health: 0/41       AC:  3    Str: 10 (11) XL:     5   Next: 31%
Gold:   96         EV: 11    Int: 15 (16) God:
                   SH:  0    Dex: 10 (12)

rFire   + + +        a - +0 short sword
rCold   . . .        (no shield)
rNeg    . . .        b - +0 leather armour
rPois   ∞            (no helmet)
rElec   +            (no cloak)
rCorr   +            (no gloves)
SInv    .            (boots unavailable)
Will    .....        (no amulet)
Stlth   +            (no ring)
HPRegen 0.26/turn    (no ring)
MPRegen 0.00/turn

%: infuse magic (-1 HP)
@: resistant, flying
A: sickness immunity, fire resistance 2, cold vulnerability 1, float, innate
caster, HP casting, extra vitality 1
a: no special abilities


You were on level 3 of the Dungeon.
You visited 1 branch of the dungeon, and saw 3 of its levels.

You collected 96 gold pieces.

Inventory:

Hand Weapons
 a - a +0 short sword (weapon)
Armour
 b - a +0 leather armour (worn)
Wands
 j - a wand of polymorph (12)
Scrolls
 h - a scroll of poison {unknown}
 i - a scroll of blinking {unknown}
Potions
 d - a potion of degeneration
 e - a potion of ambrosia {unknown}
 f - a potion of magic {unknown}
 g - a potion of curing {unknown}
 k - a potion of lignification {unknown}


   Skills:
 + Level 3.9 Fighting
 - Level 2.6 Short Blades
 - Level 2.1 Dodging
 + Level 3.9 Spellcasting
 + Level 3.9 Conjurations
 + Level 3.9 Hexes
 + Level 3.9 Summonings
 + Level 3.9 Necromancy
 + Level 3.9 Translocations
 + Level 3.9 Fire Magic
 + Level 3.9 Ice Magic
 + Level 3.9 Air Magic
 + Level 3.9 Earth Magic
 + Level 3.9 Alchemy


You knew the following spells:

 Your Spells              Type           Power      Damage    Failure   Level
a - Kiss of Death         Conj/Necr      56%        2d9       4%          1
b - Momentum Strike       Conj/Tloc      28%        3d8       8%          2
c - Hailstorm             Conj/Ice       14%        3d6       16%         3
d - Sting                 Conj/Alch      56%        1d6       4%          1
e - Lesser Beckoning      Tloc           28%        N/A       8%          2
Your spell library was empty.

Dungeon Overview and Level Annotations

Branches:
Dungeon (3/15)

Altars:

Shops:
D:1 !=::


Innate Abilities, Weirdness & Mutations

You are immune to sickness and miasma.
You are immune to poison.
Your flesh is very heat resistant. (rF++)
You are vulnerable to cold. (rC-)
You float through the air rather than walking.
You learn spells naturally, not from books.
Your magical power is your life essence.
You have superior vitality. (+4 MHP)


Message History

The bat barely misses you.
You see here 4 stones.
The black bear attacks as it pursues you!
The black bear bites you. The black bear completely misses you.
The black bear claws you but does no damage.
The black bear attacks as it pursues you!
The black bear barely misses you. The black bear claws you.
* * * LOW HITPOINT WARNING * * *
The black bear closely misses you.
The black bear attacks as it pursues you!
The black bear closely misses you.
The black bear claws you but does no damage. x2
Found a fizzy green potion.
The black bear attacks as it pursues you!
The black bear closely misses you. The black bear claws you.
* * * LOW HITPOINT WARNING * * *
The black bear claws you but does no damage.
The bat hits you but does no damage.
The black bear attacks as it pursues you!
The black bear bites you.
* * * LOW HITPOINT WARNING * * *
The black bear claws you but does no damage.
The black bear barely misses you. The bat attacks as it pursues you!
The bat hits you but does no damage. The bat hits you.
* * * LOW HITPOINT WARNING * * *
You hit the black bear.
The black bear is moderately wounded.
It was a potion of degeneration.
There was something very wrong with that liquid.
You feel weakened.
You feel dopey.
You feel clumsy. The black bear closely misses you. The black bear claws you.
* * * LOW HITPOINT WARNING * * *
The black bear claws you but does no damage.
It was a potion of resistance.
You feel protected. The black bear bites you.
* * * LOW HITPOINT WARNING * * *
The black bear claws you.
You die...

#
#..>............##.
#
#.##.#######.#..##.
# #####....#
#.#..##. #
.........# #....###
# #######.## ###..#
# ... #.# #..# #
### #.##.# #..### #
#.. #..<.####..
#..... # #.#
###.#@........
##.#.# #.#
#.#+#h#####...
#.#.. #.# #...b####
#.##. # #.#
..#....!..# #.##. #
#.# ..#....##.#
#.##.
####.#####.#....# #
#.##.
.....b...#.#.####
####.##.
####.###.#.#.#
#....##>
##....##.#.#.#
#.######


You could see a black bear and a bat.

Vanquished Creatures
  8 adders
  2 dart slugs
  2 orcs (D:3)
  2 ball pythons (D:2)
  A bat (D:1)
  An endoplasm (D:1)
  5 giant cockroaches
  A goblin (D:2)
  5 hobgoblins
  9 quokkas
  2 frilled lizards (D:1)
  6 kobolds
  2 rats (D:1)
46 creatures vanquished.

Notes
Turn   | Place    | Note
-------+----------+-------------------------------------------
     0 | D:1      | cforsyth the Djinni Reaver began the quest for the Orb.
     0 | D:1      | cforsyth set off with the following spells memorised: Kiss
                  | of Death, Momentum Strike, Hailstorm.
     0 | D:1      | Reached XP level 1. HP: 18/18 MP: 0/0
   196 | D:1      | Reached XP level 2. HP: 7/23 MP: 0/0
   439 | D:1      | Found Ukkemeng's Distillery.
   508 | D:1      | Found Elasmeck's Jewellery Boutique.
   534 | D:1      | Found Dely's Book Shop.
   534 | D:1      | Noticed a walking earthen tome
   535 | D:1      | Noticed a walking crystal tome
   569 | D:1      | Found Bigelitsy's Book Shoppe.
   682 | D:1      | Found a faded altar of an unknown god.
   930 | D:2      | Reached XP level 3. HP: 22/29 MP: 0/0
   930 | D:2      | Learned a level 1 spell: Sting
  1281 | D:2      | Reached XP level 4. HP: 25/35 MP: 0/0
  1996 | D:3      | Reached XP level 5. HP: 27/41 MP: 0/0
  1996 | D:3      | Learned a level 2 spell: Lesser Beckoning
  2382 | D:3      | Noticed a black bear
  2420 | D:3      | Slain by a black bear

Illustrated notes

Levels and vault maps discovered:
D:1:      minmay_arrival_stair_chambers, layout_basic,
          ebering_ecumenical_altar_box, serial_shops, nicolae_square_shop,
          nicolae_shop_back_alley_shop, shop, nicolae_shop_mannequins
D:2:      layout_basic
D:3:      layout_basic, minmay_box_of_dots

Skill      XL: |  1  2  3 |
---------------+----------+-----
Spellcasting   | 3 |  3.9
Conjurations   | 3 |  3.9
Hexes          | 3 |  3.9
Summonings     | 3 |  3.9
Necromancy     | 3 |  3.9
Translocations | 3 |  3.9
Fire Magic     | 3 |  3.9
Ice Magic      | 3 |  3.9
Air Magic      | 3 |  3.9
Earth Magic    | 3 |  3.9
Alchemy        | 3 |  3.9
Fighting       | 3 |  3.9
Short Blades   | |  2.6
Dodging        | |  2.1

Action                     |  1- 3 |  4- 6 || total
---------------------------+-------+-------++-------
  Melee: Short sword       |   106 |     1 ||   107
         Punch             |     1 |       ||     1
   Cast: Sting             |    21 |    54 ||    75
    Use: Potion            |       |     2 ||     2
   Stab: Sleeping          |     1 |       ||     1
 Armour: Leather armour    |    69 |    50 ||   119
  Dodge: Dodged            |    57 |    38 ||    95

Table legend: (Time is in decaauts)
 A = Elapsed time spent in this place.
 B = Non-inter-level travel time spent in this place.
 C = Inter-level travel time spent in this place.
 D = Time resting spent in this place.
 E = Time spent auto-exploring this place.
 F = Levels seen in this place.
 G = Mean time per level.
                   A        B        C        D        E       F      G
               +--------+--------+--------+--------+--------+-----+--------+
         Total |   2404 |   2335 |     69 |      0 |   1992 |   3 |  801.3 |
       Dungeon |   2404 |   2335 |     69 |      0 |   1992 |   3 |  801.3 |
               +--------+--------+--------+--------+--------+-----+--------+

Top non-repeatable levels by time:
     D:1: 851 daAuts
     D:2: 785 daAuts
     D:3: 768 daAuts
